 Dungeon Crawl Stone Soup version 0.28-a0-643-g84cb2ea78e (webtiles) character file.

Game seed: 15038382727677353386

1446 Irenicus the Geomancer (level 8, -1/62 HPs)
             Began as a Deep Dwarf Earth Elementalist on Oct 10, 2021.
             Slain by a wyvern (8 damage)
             ... on level 5 of the Dungeon.
             The game lasted 00:16:15 (2078 turns).

Irenicus the Geomancer (DDEE)                       Turns: 2078, Time: 00:16:16

Health: -1/62      AC:  5    Str: 11    XL:     8   Next: 46%
Magic:  2/13       EV: 11    Int: 19    God:
Gold:   182        SH:  0    Dex: 13    Spells: 5/14 levels left

rFire   . . .      SeeInvis +   i - +5 quarterstaff (chaos)
rCold   . . .      Faith    .   (shield currently unavailable)
rNeg    . . .      Spirit   .   n - +0 leather armour
rPois   .          Reflect  .   l - +0 helmet
rElec   .          Harm     .   h - +0 cloak
rCorr   .          Rampage  .   (no gloves)
Will    +....                   (no boots)
Stlth   ++........              m - amulet of magic regeneration
HPRegen 0.00/turn               Y - +4 ring of slaying
MPRegen 0.38/turn               v - ring of see invisible

@: no status effects
A: damage resistance, heal wounds, sense surroundings 1, no regeneration
a: Heal Wounds


You were on level 5 of the Dungeon.
You visited 1 branch of the dungeon, and saw 5 of its levels.

You collected 182 gold pieces.


Innate Abilities, Weirdness & Mutations

You are resistant to damage.
You can heal yourself by infusing magical energy.
You passively map a small area around you.
You do not regenerate.


   Skills:
 - Level 2.1 Dodging
 - Level 2.4 Stealth
 + Level 3.5 Spellcasting
 - Level 0.8 Transmutations
 + Level 13.2 Earth Magic


You had 5 spell levels left.
You knew the following spells:

 Your Spells              Type           Power      Damage    Failure   Level
t - Stone Arrow           Conj/Erth      56%        3d10      3%          3
v - Vampiric Draining     Necr           1%         2d6       50%         3
w - Passwall              Tmut/Erth      25%        N/A       1%          2
z - Sandblast             Erth           100%       2d20      1%          1

Your spell library contained the following spells:

 Spells                   Type           Power      Damage    Failure   Level
 Petrify                  Tmut/Erth      30%        N/A       11%         4
 Animate Skeleton         Necr           6%         N/A       19%         1
 Pain                     Necr           12%        1d4       19%         1
 Blink                    Tloc           N/A        N/A       28%         2
 Lesser Beckoning         Tloc           3%         N/A       50%         3
 Manifold Assault         Tloc           3%         N/A       99%         5
 Storm Form               Tmut/Air       2%         N/A       100%        7

Inventory:

Hand Weapons
 i - a +5 quarterstaff of chaos (weapon)
Missiles
 c - 61 stones
Armour
 h - a +0 cloak (worn)
 l - a +0 helmet (worn)
 n - a +0 leather armour (worn)
Jewellery
 m - an amulet of magic regeneration (around neck)
 v - a ring of see invisible (right hand)
 Y - a +4 ring of slaying (left hand)
Scrolls
 a - 2 scrolls of amnesia {unknown}
 d - 2 scrolls of holy word {unknown}
 e - 2 scrolls of magic mapping {unknown}
 g - 3 scrolls of identify {@r1}
 j - 3 scrolls of noise {unknown}
 o - a scroll of immolation {unknown}
 q - a scroll of teleportation {unknown}
 s - a scroll of summoning {unknown}
Potions
 b - 2 potions of curing {@q1}
 f - a potion of heal wounds {@q2}
 k - a potion of haste {@q3}
 r - a potion of resistance

Dungeon Overview and Level Annotations

Branches:
Dungeon (5/15)
 Temple: D:4-7

Altars:
Ru
Xom
The Shining One

# ##.# ##..##
##....###. #.#
##..## #.........
#.## ##..##
#....##### *
#..###..##
##.#### , *
#......## #..#
#.....## ##.##
#.....## ####..#
,
#......####....##
*
###...Zl@..#####
#....##### ,
##.)## #..# * *
*#..# , ,, * ...*
,.... * * , ,
#...#, , , ...# ,


You could see a wyvern and an adder zombie.


Message History

Press: ? - help, Shift-Dir - straight line, f/p - wyvern
Aim: a wyvern (84% to hit)
The blast of sand misses the wyvern.
You sock the wyvern!
The wyvern is moderately wounded.
The wyvern barely misses you.
The wyvern bites you but does no damage.
Casting: Sandblast (safe; 1% risk of failure)
Confirm with . or Enter, or press ? or * to list all spells.
Aiming: Sandblast (safe; 1% risk of failure)
Press: ? - help, Shift-Dir - straight line, f/p - wyvern
Aim: a wyvern (moderately wounded, 84% to hit)
The blast of sand hits the wyvern.
The wyvern is heavily wounded.
The wyvern bites you!
* * * LOW HITPOINT WARNING * * *
The wyvern bites you.
* * * LOW HITPOINT WARNING * * *
The wyvern misses you.
Casting: Sandblast (safe; 1% risk of failure)
Confirm with . or Enter, or press ? or * to list all spells.
Aiming: Sandblast (safe; 1% risk of failure)
Press: ? - help, Shift-Dir - straight line, f/p - wyvern
Aim: a wyvern (heavily wounded, 84% to hit)
The blast of sand hits the wyvern!
The wyvern is almost dead.
The wyvern bites you!
* * * LOW HITPOINT WARNING * * *
The wyvern bites you!
You die...

Skill      XL: |  1  2  3  4  5  6  7  8 |
---------------+-------------------------+-----
Earth Magic    | 5 6 7 8 10 12 13 | 13.2
Spellcasting   | 2 3 |  3.5
Dodging        | |  2.1
Stealth        | |  2.4
Transmutations | |  0.8

Action                   |  1- 3 |  4- 6 |  7- 9 || total
-------------------------+-------+-------+-------++-------
Melee: Unarmed           |    10 |       |       ||    10
       Quarterstaff      |       |    37 |     6 ||    43
 Cast: Sandblast         |    25 |    53 |    24 ||   102
       Passwall          |       |     9 |       ||     9
       Stone Arrow       |       |       |    18 ||    18
       Vampiric Draining |       |       |     1 ||     1
  Use: Scroll            |       |     3 |       ||     3
       Potion            |       |     2 |     1 ||     3
 Stab: Sleeping          |       |     2 |       ||     2
       Paralysed         |       |       |     1 ||     1
Armor: Robe              |     1 |    11 |       ||    12
       Leather armour    |       |     1 |     1 ||     2
Dodge: Dodged            |    10 |    37 |     6 ||    53

Levels and vault maps discovered:
D:1:      evilmike_arrival_fibonacci_small, layout_rooms
D:2:      layout_basic, chequers_ecumenical_altar_simple,
          uniq_crazy_yiuf_cottage
D:3:      layout_rooms, minmay_misc_feat_diagonals
D:4:      layout_rooms, tgw_xom, jmf_multi_god_temple, uniq_grinder
D:5:      cheibrodos_fzero, layout_layer_cave, uniq_prince_ribbit1

Notes
Turn   | Place    | Note
-------+----------+-------------------------------------------
     0 | D:1      | Irenicus the Deep Dwarf Earth Elementalist began the quest
                  | for the Orb.
     0 | D:1      | Reached XP level 1. HP: 15/15 MP: 3/3
   115 | D:1      | Reached XP level 2. HP: 16/22 MP: 1/4
   173 | D:1      | Reached skill level 5 in Earth Magic
   278 | D:1      | Reached XP level 3. HP: 20/28 MP: 2/5
   394 | D:2      | Found a runed translucent door.
   395 | D:2      | Noticed Crazy Yiuf
   402 | D:2      | Killed Crazy Yiuf
   403 | D:2      | Reached skill level 6 in Earth Magic
   403 | D:2      | Reached XP level 4. HP: 18/36 MP: 1/6
   431 | D:2      | Learned a level 2 spell: Passwall
   493 | D:2      | Found a faded altar of an unknown god.
  1167 | D:3      | Reached skill level 7 in Earth Magic
  1249 | D:4      | Noticed Grinder
  1301 | D:4      | Noticed a scorpion
  1313 | D:4      | Killed a scorpion
  1314 | D:4      | Reached XP level 5. HP: 17/42 MP: 2/7
  1320 | D:4      | Reached skill level 8 in Earth Magic
  1420 | D:4      | Identified a potion of resistance
  1467 | D:4      | Reached XP level 6. HP: 38/49 MP: 2/8
  1485 | D:4      | Found a glowing golden altar of the Shining One.
  1485 | D:4      | Found a sacrificial altar of Ru.
  1508 | D:4      | Reached skill level 9 in Earth Magic
  1543 | D:4      | Found a shimmering altar of Xom.
  1558 | D:4      | Killed Grinder
  1559 | D:4      | Reached skill level 10 in Earth Magic
  1679 | D:5      | Entered Level 5 of the Dungeon
  1694 | D:5      | Reached XP level 7. HP: 44/55 MP: 7/9
  1728 | D:5      | Noticed a yak
  1743 | D:5      | Killed a yak
  1744 | D:5      | Reached skill level 11 in Earth Magic
  1766 | D:5      | Reached skill level 12 in Earth Magic
  1776 | D:5      | Learned a level 3 spell: Stone Arrow
  1889 | D:5      | Reached skill level 2 in Spellcasting
  1889 | D:5      | Reached XP level 8. HP: 35/62 MP: 1/11
  1940 | D:5      | Noticed Prince Ribbit
  1954 | D:5      | Killed Prince Ribbit
  1955 | D:5      | Reached skill level 3 in Spellcasting
  1955 | D:5      | Reached skill level 13 in Earth Magic
  2019 | D:5      | Learned a level 3 spell: Vampiric Draining
  2078 | D:5      | Slain by a wyvern

Vanquished Creatures
  Prince Ribbit (D:5)
  Grinder (D:4)
  A yak (D:5)
  A black bear (D:5)
  2 ogres (D:5)
  2 phantoms (D:5)
  A scorpion (D:4)
  A wyvern zombie (D:5)
  2 hounds (D:5)
  Crazy Yiuf (D:2)
  A jelly (D:5)
  An iguana (D:4)
  An orc wizard (D:4)
  4 hound skeletons
  A gnoll (D:1)
  3 adders
  A shadow imp (D:5)
  A white imp (D:5)
  An adder skeleton (D:5)
  3 worms
  2 dart slugs
  12 orcs
  3 bats
  4 endoplasms
  5 giant cockroaches (D:3)
  5 goblins
  5 hobgoblins
  4 quokkas
  7 ball pythons
  A frilled lizard (D:1)
  4 kobolds
  2 rats
84 creatures vanquished.

Table legend: (Time is in decaauts)
 A = Elapsed time spent in this place.
 B = Non-inter-level travel time spent in this place.
 C = Inter-level travel time spent in this place.
 D = Time resting spent in this place.
 E = Time spent auto-exploring this place.
 F = Levels seen in this place.
 G = Mean time per level.
                   A        B        C        D        E       F      G
               +--------+--------+--------+--------+--------+-----+--------+
         Total |   2091 |   1968 |    123 |      0 |     34 |   5 |  418.2 |
       Dungeon |   2091 |   1968 |    123 |      0 |     34 |   5 |  418.2 |
               +--------+--------+--------+--------+--------+-----+--------+

Top non-repeatable levels by time:
     D:2: 527 daAuts
     D:3: 432 daAuts
     D:5: 400 daAuts
     D:4: 391 daAuts
     D:1: 340 daAuts

Table legend:
 A = Non-vault XP
 B = Vault XP
 C = Vault XP percentage of total XP
 D = Non-vault monster count
 E = Vault monster count
 F = Vault count percentage of total count
                 A         B        C        D         E       F
            +---------+---------+-------+---------+---------+-------
      Total |    1044 |    1023 |  49.5 |      68 |      16 |  19.0
            +---------+---------+-------+---------+---------+-------
        D:1 |      42 |       0 |   0.0 |      16 |       0 |   0.0
        D:2 |      17 |      42 |  71.2 |       4 |       1 |  20.0
        D:3 |      36 |       0 |   0.0 |      18 |       0 |   0.0
        D:4 |     268 |     291 |  52.1 |      20 |       6 |  23.1
        D:5 |     681 |     690 |  50.3 |      10 |       9 |  47.4
            +---------+---------+-------+---------+---------+-------
